 Dungeon Crawl Stone Soup version 0.21-a0-137-g951aa02 (webtiles) character file.

955 JHuti the Skirmisher (level 7, -5/64 HPs)
             Began as a Minotaur Monk on July 19, 2017.
             Slain by an ice beast (13 damage)
             ... on level 6 of the Dungeon.
             The game lasted 00:09:46 (3702 turns).

JHuti the Skirmisher (Minotaur Monk)                Turns: 3702, Time: 00:09:47

Health: -5/64      AC:  4    Str: 18    XL:     7   Next: 91%
Magic:  9/9        EV: 13    Int:  7    God:
Gold:   259        SH:  0    Dex: 12    Spells: 6/6 levels left

rFire    . . .     SeeInvis .     - Unarmed
rCold    . . .     Gourm    .   (no shield)
rNeg     . . .     Faith    .   p - +0 leather armour
rPois    .         Spirit   .   (helmet restricted)
rElec    .         Reflect  .   q - +0 cloak
rCorr    .         Harm     .   (no gloves)
MR       .....                  (no boots)
Stlth    ++........             (no amulet)
HPRegen  0.20/turn              (no ring)
MPRegen  0.11/turn              (no ring)

@: no status effects
A: retaliatory headbutt, horns 2
a: no special abilities


You were on level 6 of the Dungeon.
You were not hungry.

You visited 1 branch of the dungeon, and saw 6 of its levels.
You also visited: Sewer.

You collected 259 gold pieces.

Inventory:

Armour
 n - a +0 ring mail
 o - a +0 ring mail
 p - a +0 leather armour (worn)
 q - a +0 cloak (worn)
Jewellery
 h - an uncursed amulet of guardian spirit {unknown}
Wands
 a - a wand of flame (27/48)
 l - a wand of confusion (23/48)
 r - a wand of acid (6/15)
 w - a wand of acid (11/15)
Scrolls
 c - 4 scrolls of teleportation
 e - 2 scrolls of enchant armour {unknown}
 v - a scroll of enchant weapon {unknown}
 A - a scroll of amnesia {unknown}
Potions
 f - a potion of ambrosia
 g - 2 potions of curing
 k - 8 potions of flight
 s - 2 potions of magic
 t - 2 potions of heal wounds
 u - a potion of brilliance
 x - a potion of haste
 z - a potion of lignification
Books
 y - a book of Cantrips

   Spells                             Type                      Level
   a - Confusing Touch                Hexes                        1
   b - Animate Skeleton               Necromancy                   1
   c - Summon Small Mammal            Summoning                    1
   d - Apportation                    Translocation                1
Comestibles
 b - 4 bread rations
 i - 3 fruits
 j - a meat ration
 m - 4 royal jellies


   Skills:
 + Level 6.6 Fighting
 - Level 4.0 Armour
 - Level 4.0 Dodging
 - Level 2.0 Stealth
 + Level 5.8 Unarmed Combat
 * Level 4.0 Evocations


You had 6 spell levels left.
You didn't know any spells.

Dungeon Overview and Level Annotations

Branches:
Dungeon (6/15)
 Temple: D:4-7

Altars:
Xom

Annotations:
D:4 Duvessa
D:5 Blork the orc, Pikel
D:6 Edmund


Innate Abilities, Weirdness & Mutations

You reflexively headbutt those who attack you in melee.
You have a pair of horns on your head.


Message History

The ice beast barely misses you.
You hit the ice beast.
The ice beast is severely wounded.
The ice beast completely misses you.
You closely miss the ice beast. You punch the ice beast.
The ice beast is severely wounded.
The ice beast misses you.
You barely miss the ice beast. You headbutt the ice beast.
The ice beast is almost dead.
You hit the ice beast.
You headbutt the ice beast, but do no damage.
Your punch misses the ice beast.
The ice beast is almost dead.
The ice beast barely misses you.
You hit the ice beast but do no damage.
The ice beast is almost dead.
The ice beast hits you.
* * * LOW HITPOINT WARNING * * *
The ice beast freezes you!
You die...

##### #...# #.#.#
#.#.# ########.#.#
.........#.##########
...<...(.#...@Y.<...<
######.#############
#.# #####.#
###...#.######
#..............
#.#....###.####
##.#.###.# #.#...#.#


You could see an ice beast.

Vanquished Creatures
  A hippogriff (D:4)
  Purgy (Sewer)
  An ice beast (D:5)
  A slave (D:5)
  A crimson imp (D:5)
  A bullfrog zombie (D:6)
  2 hounds (D:4)
  An orc wizard (D:4)
  2 orc priests
  2 iguanas (D:4)
  4 worker ants
  A killer bee zombie (D:5)
  A hound skeleton (D:5)
  7 adders
  4 gnolls
  An ooze (D:2)
  An adder zombie (D:5)
  An adder skeleton (D:4)
  A worm (D:2)
  A dart slug (D:3)
  7 leopard geckos
  9 orcs
  4 bats
  9 giant cockroaches
  2 goblins
  9 hobgoblins
  3 jackals (D:1)
  4 kobolds
  A quokka (D:3)
  A ball python (Sewer)
  7 frilled lizards
  A rat (D:1)
92 creatures vanquished.

Notes
Turn   | Place    | Note
-------+----------+-------------------------------------------
     0 | D:1      | JHuti the Minotaur Monk began the quest for the Orb.
     0 | D:1      | Reached XP level 1. HP: 19/19 MP: 0/0
    93 | D:1      | Reached XP level 2. HP: 19/27 MP: 1/1
   458 | D:2      | Reached skill level 4 in Fighting
   458 | D:2      | Reached XP level 3. HP: 17/33 MP: 2/2
  1054 | D:2      | Reached skill level 1 in Armour
  1054 | D:2      | Reached XP level 4. HP: 32/41 MP: 3/3
  1278 | D:3      | Found a shimmering altar of Xom.
  1282 | D:3      | Found a shimmering altar of Xom.
  1282 | D:3      | Found a shimmering altar of Xom.
  1283 | D:3      | Found a shimmering altar of Xom.
  1298 | D:3      | Found a shimmering altar of Xom.
  1298 | D:3      | Found a shimmering altar of Xom.
  1298 | D:3      | Found a shimmering altar of Xom.
  1320 | D:3      | Reached XP level 5. HP: 11/47 MP: 4/4
  1564 | D:3      | Found a glowing drain.
  1683 | Sewer    | Entered a sewer
  1727 | Sewer    | Noticed Purgy
  1737 | Sewer    | Killed Purgy
  1737 | Sewer    | Reached skill level 5 in Fighting
  1747 | Sewer    | Reached XP level 6. HP: 55/56 MP: 5/5
  2255 | D:4      | Reached skill level 1 in Evocations
  2629 | D:4      | Noticed Duvessa
  2641 | D:4      | Noticed a hippogriff
  2654 | D:4      | Killed a hippogriff
  2654 | D:4      | Reached skill level 5 in Unarmed Combat
  2654 | D:4      | Reached XP level 7. HP: 28/62 MP: 6/8
  2837 | D:4      | Reached skill level 6 in Fighting
  2913 | D:5      | Entered Level 5 of the Dungeon
  2965 | D:5      | Noticed Blork the orc
  3435 | D:5      | Noticed Pikel
  3553 | D:6      | Noticed Edmund
  3702 | D:6      | Slain by an ice beast

Vault maps used:
D:1:      dpeg_arrival_boxes_within_box, minmay_small_reverse_x
D:2:      minmay_box_of_dots
D:3:      portal_sewer_entry_f, minmay_splitting_lines, hex_intersection,
          nicolae_xom_altar_mimics
D:4:      first_bread, uniq_duvessa
D:5:      minmay_temple_entry_statues_fountains, kennysheep_generic_room_12,
          uniq_pikel, uniq_blork_the_orc
D:6:      uniq_edmund
Sewer:    sewer_co_purgy_island

Skill      XL: |  1  2  3  4  5  6  7 |
---------------+----------------------+-----
Fighting       | 4 5 6 |  6.6
Stealth        | 2 |  2.0
Dodging        | 4 |  4.0
Unarmed Combat | 4 5 |  5.8
Armour         | 1 2 4 |  4.0
Evocations     | 2 4 |  4.0

Action                   |  1- 3 |  4- 6 |  7- 9 || total
-------------------------+-------+-------+-------++-------
Melee: Unarmed           |    99 |   109 |   109 ||   317
       Punch             |     3 |     3 |     3 ||     9
       Headbutt          |    11 |    20 |    22 ||    53
Evoke: Wand              |       |     1 |       ||     1
  Use: Scroll            |       |     2 |     7 ||     9
       Potion            |       |     1 |       ||     1
 Stab: Sleeping          |     1 |     2 |     2 ||     5
  Eat: Chunk             |       |     6 |     3 ||     9
Armor: Robe              |    17 |     5 |       ||    22
       Leather armour    |       |     7 |    13 ||    20
Dodge: Dodged            |    73 |    84 |    57 ||   214
